Diablos vs Atomiques (R1)

Created - April 14, 2020 at 19:09

Goals
1 2 3 T
Diablos 1 0 1 2
Atomiques 3 0 0 3
Shots
1 2 3 T
Diablos 7 8 10 25
Atomiques 17 1 14 32

1st period

1. Atomiques , Bobby Farnham 9 (Michael Chaput 34, Kerby Rychel 13) at 5:22
2. Atomiques , Kerby Rychel 14 (Dustin Kohn 15, Matt Tennyson 23) at 6:02 (PP)
3. Diablos , David Pastrnak 28 (Lars Eller 49) at 6:08 (PP)
4. Atomiques , Jonathan Huberdeau 30 (Oscar Sundqvist 36) at 9:31

Penalties :
Viktor Loov (Don) for Goalie Interference (Minor) at 5:29, Jonathan Huberdeau (STB) for Hooking (Minor) at 6:07, Nick Spaling (Don) for Tripping (Minor) at 6:54

2nd period

No Goal

Penalties :
Bobby Farnham (STB) for Tripping (Minor) at 0:34, Travis Sanheim (STB) for Delaying the game (Minor) at 5:00, Kerby Rychel (STB) for Roughing (Minor) at 9:18, Dustin Kohn (STB) for Tripping (Minor) at 18:37

3rd period

5. Diablos , Peter Holland 8 (Jordan Szwarz 40, Alex Petrovic 16) at 10:33

Penalties :
Lars Eller (Don) for High sticking (Minor) at 1:10, Lars Eller (Don) for Hooking (Minor) at 5:05

Goalie Stats

Kristers Gudlevskis (Don), 29 saves from 32 shots - (0.906), L, 27-23-5, 59:19 minutes
Connor Hellebyuk (STB), 23 saves from 25 shots - (0.920), W, 28-16-7, 60:00 minutes

Players Stats for Diablos

Player Name              G  A  P  +/- PIM S  H  SB GA TA FO     MP     PP MP  PK MP  
------------------------------------------------------------------------------------
Adrian Kempe             0  0  0   0  0   0  0  0  0  0  2/9     9:31   0:00   0:17 
Alex Petrovic            0  1  1   1  0   0  1  1  0  2  0/0    16:56   2:27   2:21 
Andrei Mironov           0  0  0   0  0   0  0  0  0  2  0/0    17:11   2:27   0:00 
Brian Dumoulin           0  0  0  -2  0   2  0  5  1  0  0/0    28:37   5:30   4:09 
Corey Trivino            0  0  0  -1  0   4  3  1  0  0  5/8    11:49   0:02   3:51 
Danton Heinen            0  0  0   0  0   0  0  1  0  0  0/0    16:18   3:19   0:00 
David Pastrnak           1  0  1   0  0   6  0  0  1  1  0/1    20:05   4:34   0:00 
Jack Glover              0  0  0   1  0   1  0  0  0  0  0/0    11:34   0:00   0:00 
Jakub Vrana              0  0  0   0  0   1  0  0  0  0  0/0     7:10   0:00   0:00 
Jiri Sekac               0  0  0   0  0   1  1  0  0  0  0/0    10:02   0:02   0:37 
Jordan Szwarz            0  1  1   0  0   2  2  0  0  1  0/0    18:20   3:19   2:02 
Lars Eller               0  1  1   0  4   2  3  0  0  0  16/38  20:46   4:36   0:46 
Nick Spaling             0  0  0  -1  2   0  1  1  1  0  0/1    20:36   4:36   0:00 
Peter Holland            1  0  1   0  0   3  1  1  0  0  7/13   17:55   3:19   1:36 
Philip Larsen            0  0  0  -1  0   1  3  1  1  0  0/0    21:29   0:00   2:54 
Scott Glennie            0  0  0   0  0   1  2  0  0  0  0/0     7:10   0:00   0:00 
Tyler Pitlick            0  0  0  -1  0   1  0  0  0  1  0/1    13:45   0:04   3:51 
Viktor Loov              0  0  0  -1  2   0  0  1  0  1  0/0    24:12   5:30   3:36 

Players Stats for Atomiques

Player Name              G  A  P  +/- PIM S  H  SB GA TA FO     MP     PP MP  PK MP  
------------------------------------------------------------------------------------
Anthony Nigro            0  0  0   0  0   4  0  0  1  0  4/5    10:28   0:00   0:00 
Bobby Farnham            1  0  1   0  2   1  0  0  1  0  0/0    16:13   3:02   1:32 
Colby Cohen              0  0  0   1  0   0  0  2  2  1  0/0    20:54   2:28   3:06 
Corey Tropp              0  0  0   1  0   0  3  1  2  0  5/11   23:33   3:28   4:25 
Dalton Smith             0  0  0   0  0   2  2  1  0  0  0/0    11:54   0:00   1:26 
Dustin Kohn              0  1  1   1  2   5  1  2  0  0  0/0    25:41   4:02   3:31 
Eric Mestery             0  0  0  -1  0   1  0  3  0  0  0/0    15:30   0:00   3:06 
Joel Vermin              0  0  0   0  0   1  0  0  0  0  0/0     7:45   0:00   0:00 
Jonathan Huberdeau       1  0  1   1  2   2  1  1  1  0  1/2    19:13   3:28   1:48 
Joseph Cramarossa        0  0  0   0  0   0  2  0  0  0  0/0     7:45   0:00   0:00 
Kerby Rychel             1  1  2   0  2   3  1  1  0  0  0/1    15:52   3:02   0:00 
Matt Tennyson            0  1  1   1  0   4  2  2  0  1  0/0    27:02   4:02   4:51 
Michael Chaput           0  1  1   0  0   2  2  0  0  0  9/14   17:00   3:02   2:18 
Nick Schmaltz            0  0  0   0  0   0  0  1  0  0  4/5     7:45   0:00   0:00 
Oscar Sundqvist          0  1  1   1  0   3  1  5  0  1  18/33  23:33   3:28   4:25 
Travis Sanheim           0  0  0  -1  2   3  1  0  1  1  0/0    13:54   0:00   1:20 
Wiley Sherman            0  0  0   1  0   0  1  1  0  0  0/0    17:28   2:28   0:00 
William Nylander         0  0  0   0  0   1  1  0  0  0  0/0    10:28   0:00   0:00 

3 Stars

1 - Kerby Rychel (STB)
2 - Oscar Sundqvist (STB)
3 - Matt Tennyson (STB)

Power Play

Diablos - 1 on 5 Attempt(s) - 20.00%
Atomiques - 1 on 4 Attempt(s) - 25.00%

Penalty Kill

Diablos - 3 on 4 Attempt(s) - 75.00% - Score 0 goal in Penalty Kill
Atomiques - 4 on 5 Attempt(s) - 80.00% - Score 0 goal in Penalty Kill

Team Stat

Diablos - Hits : 17 - Faceoff Wins : 30 - Blocked Shots : 12 - Penalty Minutes : 8
Atomiques - Hits : 18 - Faceoff Wins : 41 - Blocked Shots : 20 - Penalty Minutes : 10

Official

Referees : Unknown
Linesman : Unknown

Game Notes

No Game Note

Finance

Level 1 -- Attendance: 1447 (72.35%) -- Ticket Income $57,880
Level 2 -- Attendance: 644 (64.40%) -- Ticket Income $12,880
Total Attendance: 2091 (69.70%)
Total Ticket Income: $70,760
Other Income: $3,538
Total Income: $74,298

Diablos

5 vs 5 Forward 
   Center                   Left Wing                Right Wing               Time % Phy DF OF 
 1 Lars Eller               Nick Spaling             David Pastrnak           45     0   0  5  
 2 Peter Holland            Danton Heinen            Jordan Szwarz            30     0   0  5  
 3 Adrian Kempe             Jiri Sekac               Tyler Pitlick            15     0   2  3  
 4 Corey Trivino            Jakub Vrana              Scott Glennie            10     0   3  2  

5 vs 5 Defense 
   Defense                  Defense                                           Time % Phy DF OF 
 1 Brian Dumoulin           Philip Larsen                                     40     0   2  3  
 2 Andrei Mironov           Viktor Loov                                       30     0   2  3  
 3 Jack Glover              Alex Petrovic                                     20     0   3  2  
 4 Brian Dumoulin           Philip Larsen                                     10     0   2  3  

PowerPlay Forward 
   Center                   Left Wing                Right Wing               Time % Phy DF OF 
 1 Lars Eller               Nick Spaling             David Pastrnak           60     0   0  5  
 2 Peter Holland            Danton Heinen            Jordan Szwarz            40     0   0  5  

PowerPlay Defense
   Defense                  Defense                                           Time % Phy DF OF 
 1 Brian Dumoulin           Viktor Loov                                       60     0   1  4  
 2 Andrei Mironov           Alex Petrovic                                     40     0   1  4  

Penalty Kill 4 Players Forward 
   Center                   Wing                     Time % Phy DF OF 
 1 Corey Trivino            Tyler Pitlick            60     1   4  0  
 2 Lars Eller               Jordan Szwarz            40     1   4  0  

Penalty Kill 4 Players Defense
   Defense                  Defense                  Time % Phy DF OF 
 1 Brian Dumoulin           Viktor Loov              60     1   4  0  
 2 Philip Larsen            Alex Petrovic            40     1   4  0  

Penalty Kill - 3 Players Forward 
   Forward                                           Time % Phy DF OF 
 1 Corey Trivino                                     60     0   5  0  
 2 Lars Eller                                        40     0   5  0  

Penalty Kill - 3 Players Defense
   Defense                  Defense                  Time % Phy DF OF 
 1 Philip Larsen            Viktor Loov              60     0   5  0  
 2 Alex Petrovic            Andrei Mironov           40     0   5  0  

4 vs 4 Forward 
   Center                   Wing                     Time % Phy DF OF 
 1 Lars Eller               Jordan Szwarz            60     0   2  3  
 2 Adrian Kempe             David Pastrnak           40     0   2  3  

4 vs 4 Defense
   Defense                  Defense                  Time % Phy DF OF 
 1 Viktor Loov              Philip Larsen            60     0   2  3  
 2 Alex Petrovic            Brian Dumoulin           40     0   2  3  

Last Minutes Offensive
   Center                   Left Wing                Right Wing               Defense                  Defense                  
   Lars Eller               Nick Spaling             David Pastrnak           Brian Dumoulin           Philip Larsen            

Last Minutes Defensive
   Center                   Left Wing                Right Wing               Defense                  Defense                  
   Lars Eller               Jiri Sekac               Jordan Szwarz            Viktor Loov              Philip Larsen            

Goaltenders
Starting : Kristers Gudlevskis      
Backup : Joni Ortio               

Extra Forwards
Normal : David Pastrnak, Danton Heinen, Jordan Szwarz - PP : David Pastrnak, Lars Eller - PK : Lars Eller
Extra Defensemen
Normal : Brian Dumoulin, Philip Larsen, Alex Petrovic - PP : Brian Dumoulin - PK : Philip Larsen, Viktor Loov
Penalty Shots
Peter Holland, Lars Eller, Jordan Szwarz, David Pastrnak, Danton Heinen

Scratches
Jamie Devane (Healthy), Matt Lindblad (Healthy), Tyler Lewington (Healthy), Tobias Lindberg (Healthy), Ty Rattie (Healthy)
Andrey Pedan (Healthy), Stuart Percy (Healthy), Charles Hudon (Healthy), Anthony Camara (Healthy), Sergey Tolchinsky (Healthy)
Branden Troock (Healthy), Riley Nash (Healthy), Dominic Turgeon (Healthy), Ryan MacInnis (Healthy), Matt Tomkins (Healthy)

Atomiques

5 vs 5 Forward 
   Center                   Left Wing                Right Wing               Time % Phy DF OF 
 1 Oscar Sundqvist          Jonathan Huberdeau       Corey Tropp              40     1   2  2  
 2 Michael Chaput           Kerby Rychel             Bobby Farnham            30     1   2  2  
 3 Anthony Nigro            Dalton Smith             William Nylander         20     1   2  2  
 4 Nick Schmaltz            Joseph Cramarossa        Joel Vermin              10     1   2  2  

5 vs 5 Defense 
   Defense                  Defense                                           Time % Phy DF OF 
 1 Dustin Kohn              Matt Tennyson                                     40     1   2  2  
 2 Colby Cohen              Wiley Sherman                                     30     1   2  2  
 3 Eric Mestery             Travis Sanheim                                    20     1   2  2  
 4 Dustin Kohn              Matt Tennyson                                     10     1   2  2  

PowerPlay Forward 
   Center                   Left Wing                Right Wing               Time % Phy DF OF 
 1 Oscar Sundqvist          Jonathan Huberdeau       Corey Tropp              60     1   2  2  
 2 Michael Chaput           Kerby Rychel             Bobby Farnham            40     1   2  2  

PowerPlay Defense
   Defense                  Defense                                           Time % Phy DF OF 
 1 Dustin Kohn              Matt Tennyson                                     60     1   2  2  
 2 Colby Cohen              Wiley Sherman                                     40     1   2  2  

Penalty Kill 4 Players Forward 
   Center                   Wing                     Time % Phy DF OF 
 1 Corey Tropp              Oscar Sundqvist          60     1   2  2  
 2 Michael Chaput           Bobby Farnham            40     1   2  2  

Penalty Kill 4 Players Defense
   Defense                  Defense                  Time % Phy DF OF 
 1 Dustin Kohn              Matt Tennyson            60     1   2  2  
 2 Colby Cohen              Eric Mestery             40     1   2  2  

Penalty Kill - 3 Players Forward 
   Forward                                           Time % Phy DF OF 
 1 Corey Tropp                                       60     1   2  2  
 2 Oscar Sundqvist                                   40     1   2  2  

Penalty Kill - 3 Players Defense
   Defense                  Defense                  Time % Phy DF OF 
 1 Dustin Kohn              Matt Tennyson            60     1   2  2  
 2 Colby Cohen              Wiley Sherman            40     1   2  2  

4 vs 4 Forward 
   Center                   Wing                     Time % Phy DF OF 
 1 Corey Tropp              Jonathan Huberdeau       60     1   2  2  
 2 Michael Chaput           William Nylander         40     1   2  2  

4 vs 4 Defense
   Defense                  Defense                  Time % Phy DF OF 
 1 Dustin Kohn              Matt Tennyson            60     1   2  2  
 2 Colby Cohen              Wiley Sherman            40     1   2  2  

Last Minutes Offensive
   Center                   Left Wing                Right Wing               Defense                  Defense                  
   Oscar Sundqvist          Jonathan Huberdeau       Corey Tropp              Dustin Kohn              Matt Tennyson            

Last Minutes Defensive
   Center                   Left Wing                Right Wing               Defense                  Defense                  
   Oscar Sundqvist          Kerby Rychel             Corey Tropp              Dustin Kohn              Matt Tennyson            

Goaltenders
Starting : Connor Hellebyuk         
Backup : Thatcher Demko           

Extra Forwards
Normal : William Nylander, Jonathan Huberdeau, Kerby Rychel - PP : William Nylander, Jonathan Huberdeau - PK : Jonathan Huberdeau
Extra Defensemen
Normal : Wiley Sherman, Travis Sanheim, Matt Tennyson - PP : Travis Sanheim - PK : Travis Sanheim, Wiley Sherman
Penalty Shots
Oscar Sundqvist, Bobby Farnham, Michael Chaput, Matt Tennyson, Jonathan Huberdeau

Scratches
Mike Halmo (Healthy), Freddie Hamilton (Healthy), Max McCormick (Healthy), Jordan Schmaltz (Healthy), Connor Clifton (Healthy)
Carl Dahlstrom (Healthy), Nicolas Aube-Kubel (Healthy), Axel Holmstrom (Healthy), Keegan Iverson (Healthy), Aaron Haydon (Healthy)

% Time on Ice - Diablos

Lines # - Real PCT - Wanted PCT - Time Play
Normal Forward
1 - 34% - 45% - 14:59
2 - 29% - 30% - 12:59
3 - 21% - 15% - 9:12
4 - 16% - 10% - 7:10
Normal Defense
1 - 39% - 40% - 17:07
2 - 32% - 30% - 14:21
3 - 26% - 20% - 11:22
4 - 3% - 10% - 1:30
PP Forward
1 - 58% - 60% - 4:38
2 - 42% - 40% - 3:19
PP Defense
1 - 69% - 60% - 5:30
2 - 31% - 40% - 2:27
PK Forward
1 - 69% - 60% - 4:28
2 - 31% - 40% - 2:02
PK Defense
1 - 64% - 60% - 4:09
2 - 36% - 40% - 2:21
PK3 Forward
1 - 0% - 60%
2 - 0% - 40%
PK3 Defense
1 - 0% - 60%
2 - 0% - 40%
44 Forward
1 - 0% - 60%
2 - 0% - 40%
44 Defense
1 - 0% - 60%
2 - 0% - 40%
Last Minute Offensive  - 1:13
Last Minute Defensive  - 0:00
Total
Forward - 60:00
Defense - 60:00

% Time on Ice - Atomiques

Lines # - Real PCT - Wanted PCT - Time Play
Normal Forward
1 - 33% - 40% - 14:52
2 - 26% - 30% - 11:31
3 - 23% - 20% - 10:28
4 - 17% - 10% - 7:45
Normal Defense
1 - 37% - 40% - 16:25
2 - 34% - 30% - 15:20
3 - 27% - 20% - 11:55
4 - 2% - 10% - 0:56
PP Forward
1 - 53% - 60% - 3:28
2 - 47% - 40% - 3:02
PP Defense
1 - 62% - 60% - 4:02
2 - 38% - 40% - 2:28
PK Forward
1 - 75% - 60% - 6:00
2 - 25% - 40% - 1:57
PK Defense
1 - 61% - 60% - 4:51
2 - 39% - 40% - 3:06
PK3 Forward
1 - 0% - 60%
2 - 0% - 40%
PK3 Defense
1 - 0% - 60%
2 - 0% - 40%
44 Forward
1 - 0% - 60%
2 - 0% - 40%
44 Defense
1 - 0% - 60%
2 - 0% - 40%
Last Minute Offensive  - 0:00
Last Minute Defensive  - 0:57
Total
Forward - 60:00
Defense - 60:00

Play-by-Play

1st period


0:01 of 1st period - Lars Eller wins face-off versus Oscar Sundqvist in neutral zone.
0:10 of 1st period - Wrist shot by David Pastrnak.
0:10 of 1st period - Stopped by Connor Hellebyuk with a rebound.
0:12 of 1st period - Slapshot by Brian Dumoulin.
0:12 of 1st period - Stopped by Connor Hellebyuk with a rebound.
0:26 of 1st period - Brian Dumoulin is hit by Michael Chaput and loses puck.
0:55 of 1st period - Wrist shot by Dalton Smith.
0:55 of 1st period - Stopped by Kristers Gudlevskis with a rebound.
1:29 of 1st period - Wrist shot by David Pastrnak.
1:29 of 1st period - Shot Hit the Post.
1:49 of 1st period - Snap shot by Michael Chaput.
1:49 of 1st period - Shot Blocked by Peter Holland.
2:36 of 1st period - Wrist shot by Anthony Nigro.
2:36 of 1st period - Stopped by Kristers Gudlevskis without a rebound.
2:37 of 1st period - Oscar Sundqvist wins face-off versus Lars Eller in Diablos zone.
2:48 of 1st period - Wrist shot by Corey Tropp.
2:48 of 1st period - Shot Blocked by Brian Dumoulin.
2:50 of 1st period - Snap shot by Oscar Sundqvist.
2:50 of 1st period - Shot Misses the Net.
2:52 of 1st period - Wrist shot by Corey Tropp.
2:52 of 1st period - Shot Misses the Net.
3:28 of 1st period - Snap shot by Nick Schmaltz.
3:28 of 1st period - Shot Misses the Net.
3:46 of 1st period - Dustin Kohn is hit by Corey Trivino and loses puck.
4:31 of 1st period - Wrist shot by Kerby Rychel.
4:31 of 1st period - Deflect By Viktor Loov.
4:31 of 1st period - Shot Misses the Net.
4:31 of 1st period - Puck is out of play.
4:32 of 1st period - Peter Holland wins face-off versus Michael Chaput in Diablos zone.
4:37 of 1st period - Bobby Farnham is hit by Philip Larsen and loses puck.
4:50 of 1st period - Snap shot by Michael Chaput.
4:50 of 1st period - Shot Hit the Post.
4:52 of 1st period - Slapshot by Travis Sanheim.
4:52 of 1st period - Shot Blocked by Brian Dumoulin.
4:54 of 1st period - Snap shot by Michael Chaput.
4:54 of 1st period - Shot Misses the Net.
4:56 of 1st period - Snap shot by Kerby Rychel.
4:56 of 1st period - Stopped by Kristers Gudlevskis with a rebound.
4:58 of 1st period - Snap shot by Michael Chaput.
4:58 of 1st period - Shot Blocked by Brian Dumoulin.
5:00 of 1st period - Slapshot by Dustin Kohn.
5:00 of 1st period - Shot Misses the Net.
5:02 of 1st period - Backhand shot by Michael Chaput.
5:02 of 1st period - Shot Misses the Net.
5:04 of 1st period - Wrist shot by Michael Chaput.
5:04 of 1st period - Shot Misses the Net.
5:20 of 1st period - Slapshot by Michael Chaput.
5:20 of 1st period - Stopped by Kristers Gudlevskis with a rebound.
5:22 of 1st period - Backhand shot by Bobby Farnham.
5:22 of 1st period - Goal by Bobby Farnham - Diablos : 0 - Atomiques : 1.
5:23 of 1st period - Oscar Sundqvist wins face-off versus Nick Spaling in neutral zone.
5:29 of 1st period - Minor Penalty to Viktor Loov for Goalie Interference.
5:30 of 1st period - Oscar Sundqvist wins face-off versus Tyler Pitlick in Diablos zone.
5:30 of 1st period - Snap shot by Jonathan Huberdeau.
5:30 of 1st period - Shot Misses the Net.
5:32 of 1st period - Snap shot by Matt Tennyson.
5:32 of 1st period - Stopped by Kristers Gudlevskis without a rebound.
5:33 of 1st period - Corey Trivino wins face-off versus Oscar Sundqvist in Diablos zone.
6:02 of 1st period - Snap shot by Kerby Rychel.
6:02 of 1st period - Goal by Kerby Rychel - Diablos : 0 - Atomiques : 2.
6:03 of 1st period - Lars Eller wins face-off versus Jonathan Huberdeau in neutral zone.
6:07 of 1st period - Minor Penalty to Jonathan Huberdeau for Hooking.
6:08 of 1st period - Lars Eller wins face-off versus Corey Tropp in Atomiques zone.
6:08 of 1st period - Wrist shot by David Pastrnak.
6:08 of 1st period - Goal by David Pastrnak - Diablos : 1 - Atomiques : 2.
6:09 of 1st period - Oscar Sundqvist wins face-off versus Lars Eller in neutral zone.
6:12 of 1st period - Slapshot by Dustin Kohn.
6:12 of 1st period - Stopped by Kristers Gudlevskis without a rebound.
6:13 of 1st period - Lars Eller wins face-off versus Oscar Sundqvist in Diablos zone.
6:40 of 1st period - Slapshot by Dustin Kohn.
6:40 of 1st period - Shot Misses the Net.
6:42 of 1st period - Slapshot by Matt Tennyson.
6:42 of 1st period - Stopped by Kristers Gudlevskis with a rebound.
6:44 of 1st period - Slapshot by Matt Tennyson.
6:44 of 1st period - Shot Misses the Net.
6:46 of 1st period - Wrist shot by Anthony Nigro.
6:46 of 1st period - Stopped by Kristers Gudlevskis without a rebound.
6:47 of 1st period - Oscar Sundqvist wins face-off versus Lars Eller in Diablos zone.
6:52 of 1st period - Wrist shot by Jonathan Huberdeau.
6:52 of 1st period - Shot Misses the Net.
6:54 of 1st period - Minor Penalty to Nick Spaling for Tripping.
6:55 of 1st period - Corey Trivino wins face-off versus Oscar Sundqvist in Diablos zone.
6:55 of 1st period - Corey Trivino is hit by Dustin Kohn.
8:08 of 1st period - Corey Trivino is hit by Wiley Sherman and loses puck.
8:33 of 1st period - Icing by Dustin Kohn.
8:34 of 1st period - Lars Eller wins face-off versus Michael Chaput in Atomiques zone.
8:35 of 1st period - Snap shot by Jordan Szwarz.
8:35 of 1st period - Stopped by Connor Hellebyuk without a rebound.
8:36 of 1st period - Lars Eller wins face-off versus Oscar Sundqvist in Atomiques zone.
8:39 of 1st period - Snap shot by Jordan Szwarz.
8:39 of 1st period - Stopped by Connor Hellebyuk without a rebound.
8:40 of 1st period - Corey Trivino wins face-off versus Corey Tropp in Atomiques zone.
8:43 of 1st period - Slapshot by Tyler Pitlick.
8:43 of 1st period - Shot Blocked by Oscar Sundqvist.
8:45 of 1st period - Wrist shot by Tyler Pitlick.
8:45 of 1st period - Stopped by Connor Hellebyuk with a rebound.
8:47 of 1st period - Snap shot by Tyler Pitlick.
8:47 of 1st period - Shot Blocked by Wiley Sherman.
8:49 of 1st period - Snap shot by Corey Trivino.
8:49 of 1st period - Shot Blocked by Oscar Sundqvist.
8:51 of 1st period - Slapshot by Viktor Loov.
8:51 of 1st period - Shot Blocked by Colby Cohen.
8:53 of 1st period - Wrist shot by Corey Trivino.
8:53 of 1st period - Shot Blocked by Oscar Sundqvist.
8:54 of 1st period - Penalty to Nick Spaling is over, Nick Spaling is back on ice.
9:13 of 1st period - Slapshot by Tyler Pitlick.
9:13 of 1st period - Shot Misses the Net.
9:31 of 1st period - Wrist shot by Jonathan Huberdeau.
9:31 of 1st period - Goal by Jonathan Huberdeau - Diablos : 1 - Atomiques : 3.
9:32 of 1st period - Peter Holland wins face-off versus Michael Chaput in neutral zone.
11:24 of 1st period - Snap shot by Anthony Nigro.
11:24 of 1st period - Shot Misses the Net.
11:26 of 1st period - Snap shot by Dalton Smith.
11:26 of 1st period - Deflect By Anthony Nigro.
11:26 of 1st period - Stopped by Kristers Gudlevskis without a rebound.
11:27 of 1st period - Oscar Sundqvist wins face-off versus Peter Holland in Diablos zone.
11:40 of 1st period - Snap shot by Corey Tropp.
11:40 of 1st period - Deflect By Jonathan Huberdeau.
11:40 of 1st period - Stopped by Kristers Gudlevskis without a rebound.
11:41 of 1st period - Oscar Sundqvist wins face-off versus Lars Eller in Diablos zone.
12:47 of 1st period - Icing by Joel Vermin.
12:48 of 1st period - Anthony Nigro wins face-off versus Corey Trivino in Atomiques zone.
13:35 of 1st period - Snap shot by Dalton Smith.
13:35 of 1st period - Shot Blocked by Philip Larsen.
13:37 of 1st period - Snap shot by Travis Sanheim.
13:37 of 1st period - Deflect By Philip Larsen.
13:37 of 1st period - Stopped by Kristers Gudlevskis with a rebound.
13:51 of 1st period - Slapshot by Dalton Smith.
13:51 of 1st period - Stopped by Kristers Gudlevskis without a rebound.
13:52 of 1st period - Oscar Sundqvist wins face-off versus Peter Holland in Diablos zone.
14:05 of 1st period - Wrist shot by Peter Holland.
14:05 of 1st period - Shot Misses the Net.
14:45 of 1st period - Icing by Wiley Sherman.
14:46 of 1st period - Nick Schmaltz wins face-off versus Lars Eller in Atomiques zone.
14:46 of 1st period - Nick Schmaltz is hit by Lars Eller.
15:21 of 1st period - Off-side.
15:22 of 1st period - Oscar Sundqvist wins face-off versus Adrian Kempe in neutral zone.
15:26 of 1st period - Wrist shot by Oscar Sundqvist.
15:26 of 1st period - Stopped by Kristers Gudlevskis without a rebound.
15:27 of 1st period - Oscar Sundqvist wins face-off versus Adrian Kempe in Diablos zone.
15:41 of 1st period - Off-side.
15:42 of 1st period - Michael Chaput wins face-off versus Lars Eller in neutral zone.
16:34 of 1st period - Wrist shot by Adrian Kempe.
16:34 of 1st period - Shot Blocked by Colby Cohen.
16:36 of 1st period - Snap shot by Tyler Pitlick.
16:36 of 1st period - Shot Misses the Net.
17:08 of 1st period - Icing by Lars Eller.
17:09 of 1st period - Michael Chaput wins face-off versus Lars Eller in Diablos zone.
17:10 of 1st period - Slapshot by Dustin Kohn.
17:10 of 1st period - Shot Misses the Net.
17:20 of 1st period - Slapshot by Lars Eller.
17:20 of 1st period - Shot Misses the Net.
17:48 of 1st period - Wrist shot by David Pastrnak.
17:48 of 1st period - Stopped by Connor Hellebyuk without a rebound.
17:49 of 1st period - Peter Holland wins face-off versus Oscar Sundqvist in Atomiques zone.
18:03 of 1st period - Wrist shot by Oscar Sundqvist.
18:03 of 1st period - Shot Blocked by Brian Dumoulin.
18:41 of 1st period - Corey Trivino is hit by Travis Sanheim and loses puck.
18:58 of 1st period - Snap shot by Nick Spaling.
18:58 of 1st period - Deflect By Eric Mestery.
18:58 of 1st period - Shot Blocked by Nick Schmaltz.
18:58 of 1st period - Puck is out of play.
18:59 of 1st period - Oscar Sundqvist wins face-off versus Lars Eller in Atomiques zone.
19:29 of 1st period - Slapshot by Dustin Kohn.
19:29 of 1st period - Deflect By Alex Petrovic.
19:29 of 1st period - Stopped by Kristers Gudlevskis without a rebound.
19:30 of 1st period - Peter Holland wins face-off versus Oscar Sundqvist in Diablos zone.
19:45 of 1st period - Slapshot by Jonathan Huberdeau.
19:45 of 1st period - Shot Misses the Net.
19:52 of 1st period - Icing by Brian Dumoulin.
19:53 of 1st period - Michael Chaput wins face-off versus Peter Holland in Diablos zone.
Goals for this period are 1 for Diablos vs 3 for Atomiques.
Shots for this period are 7 for Diablos vs 17 for Atomiques.

2nd period


0:01 of 2nd period - Oscar Sundqvist wins face-off versus Lars Eller in neutral zone.
0:34 of 2nd period - Minor Penalty to Bobby Farnham for Tripping.
0:35 of 2nd period - Lars Eller wins face-off versus Corey Tropp in Atomiques zone.
2:34 of 2nd period - Penalty to Bobby Farnham is over, Bobby Farnham is back on ice.
2:37 of 2nd period - Bobby Farnham is hit by Alex Petrovic and loses puck.
2:45 of 2nd period - Icing by Colby Cohen.
2:46 of 2nd period - Nick Schmaltz wins face-off versus Adrian Kempe in Atomiques zone.
2:53 of 2nd period - Slapshot by Adrian Kempe.
2:53 of 2nd period - Deflect By Joel Vermin.
2:53 of 2nd period - Shot Misses the Net.
2:53 of 2nd period - Puck is out of play.
2:54 of 2nd period - Anthony Nigro wins face-off versus Adrian Kempe in Atomiques zone.
3:19 of 2nd period - Jonathan Huberdeau is hit by Jordan Szwarz and loses puck.
3:43 of 2nd period - Icing by Wiley Sherman.
3:44 of 2nd period - Lars Eller wins face-off versus Nick Schmaltz in Atomiques zone.
4:38 of 2nd period - Wrist shot by Jiri Sekac.
4:38 of 2nd period - Stopped by Connor Hellebyuk without a rebound.
4:39 of 2nd period - Lars Eller wins face-off versus Oscar Sundqvist in Atomiques zone.
5:00 of 2nd period - Minor Penalty to Travis Sanheim for Delaying the game.
5:01 of 2nd period - Lars Eller wins face-off versus Corey Tropp in Atomiques zone.
5:02 of 2nd period - Snap shot by David Pastrnak.
5:02 of 2nd period - Stopped by Connor Hellebyuk without a rebound.
5:03 of 2nd period - Corey Tropp wins face-off versus Lars Eller in Atomiques zone.
5:08 of 2nd period - Nick Spaling is hit by Corey Tropp and loses puck.
5:19 of 2nd period - Wrist shot by Lars Eller.
5:19 of 2nd period - Shot Blocked by Matt Tennyson.
6:40 of 2nd period - Peter Holland is hit by Dalton Smith and loses puck.
6:45 of 2nd period - Snap shot by Jonathan Huberdeau.
6:45 of 2nd period - Shot Hit the Post.
7:00 of 2nd period - Penalty to Travis Sanheim is over, Travis Sanheim is back on ice.
7:11 of 2nd period - Colby Cohen is hit by Jiri Sekac and loses puck.
7:48 of 2nd period - Off-side.
7:49 of 2nd period - Nick Schmaltz wins face-off versus Adrian Kempe in neutral zone.
7:54 of 2nd period - Tyler Pitlick is hit by Joseph Cramarossa and loses puck.
8:01 of 2nd period - Wrist shot by Joel Vermin.
8:01 of 2nd period - Stopped by Kristers Gudlevskis without a rebound.
8:02 of 2nd period - Oscar Sundqvist wins face-off versus Lars Eller in Diablos zone.
8:13 of 2nd period - Snap shot by Jonathan Huberdeau.
8:13 of 2nd period - Shot Misses the Net.
8:51 of 2nd period - Slapshot by Jiri Sekac.
8:51 of 2nd period - Deflect By Adrian Kempe.
8:51 of 2nd period - Shot Misses the Net.
8:51 of 2nd period - Puck is out of play.
8:52 of 2nd period - Oscar Sundqvist wins face-off versus Adrian Kempe in Atomiques zone.
9:18 of 2nd period - Minor Penalty to Kerby Rychel for Roughing.
9:19 of 2nd period - Lars Eller wins face-off versus Oscar Sundqvist in Atomiques zone.
9:20 of 2nd period - Wrist shot by David Pastrnak.
9:20 of 2nd period - Stopped by Connor Hellebyuk without a rebound.
9:21 of 2nd period - Lars Eller wins face-off versus Corey Tropp in Atomiques zone.
10:34 of 2nd period - Danton Heinen is hit by Matt Tennyson and loses puck.
11:03 of 2nd period - David Pastrnak is hit by Jonathan Huberdeau and loses puck.
11:18 of 2nd period - Penalty to Kerby Rychel is over, Kerby Rychel is back on ice.
13:09 of 2nd period - Colby Cohen is hit by Jordan Szwarz and loses puck.
14:00 of 2nd period - Eric Mestery is hit by Corey Trivino and loses puck.
14:05 of 2nd period - Slapshot by Philip Larsen.
14:05 of 2nd period - Shot Misses the Net.
14:07 of 2nd period - Slapshot by Philip Larsen.
14:07 of 2nd period - Stopped by Connor Hellebyuk with a rebound.
14:09 of 2nd period - Wrist shot by Corey Trivino.
14:09 of 2nd period - Stopped by Connor Hellebyuk with a rebound.
14:11 of 2nd period - Snap shot by Corey Trivino.
14:11 of 2nd period - Shot Blocked by Eric Mestery.
15:12 of 2nd period - Michael Chaput is hit by Corey Trivino and loses puck.
16:15 of 2nd period - Tyler Pitlick is hit by Michael Chaput.
16:39 of 2nd period - Lars Eller is hit by Corey Tropp and loses puck.
16:50 of 2nd period - Nick Schmaltz is hit by Scott Glennie and loses puck.
16:57 of 2nd period - Scott Glennie is hit by Matt Tennyson and loses puck.
17:32 of 2nd period - Viktor Loov is hit by Dalton Smith.
17:46 of 2nd period - Snap shot by Jonathan Huberdeau.
17:46 of 2nd period - Deflect By Oscar Sundqvist.
17:46 of 2nd period - Shot Blocked by Corey Trivino.
17:46 of 2nd period - Puck is out of play.
17:47 of 2nd period - Corey Trivino wins face-off versus Oscar Sundqvist in Diablos zone.
17:52 of 2nd period - Slapshot by Brian Dumoulin.
17:52 of 2nd period - Deflect By Corey Trivino.
17:52 of 2nd period - Stopped by Connor Hellebyuk with a rebound.
17:54 of 2nd period - Snap shot by Corey Trivino.
17:54 of 2nd period - Shot Misses the Net.
18:10 of 2nd period - David Pastrnak is hit by Oscar Sundqvist and loses puck.
18:21 of 2nd period - Snap shot by Lars Eller.
18:21 of 2nd period - Stopped by Connor Hellebyuk without a rebound.
18:22 of 2nd period - Michael Chaput wins face-off versus Peter Holland in Atomiques zone.
18:29 of 2nd period - Snap shot by Jordan Szwarz.
18:29 of 2nd period - Shot Misses the Net.
18:31 of 2nd period - Slapshot by Viktor Loov.
18:31 of 2nd period - Shot Misses the Net.
18:33 of 2nd period - Slapshot by Peter Holland.
18:33 of 2nd period - Stopped by Connor Hellebyuk without a rebound.
18:34 of 2nd period - Michael Chaput wins face-off versus Lars Eller in Atomiques zone.
18:34 of 2nd period - Michael Chaput is hit by Lars Eller.
18:37 of 2nd period - Minor Penalty to Dustin Kohn for Tripping.
18:38 of 2nd period - Corey Tropp wins face-off versus Lars Eller in Atomiques zone.
Goals for this period are 0 for Diablos vs 0 for Atomiques.
Shots for this period are 8 for Diablos vs 1 for Atomiques.

3rd period


0:01 of 3rd period - Corey Tropp wins face-off versus Lars Eller in neutral zone.
0:04 of 3rd period - Slapshot by Travis Sanheim.
0:04 of 3rd period - Stopped by Kristers Gudlevskis without a rebound.
0:05 of 3rd period - Lars Eller wins face-off versus Corey Tropp in Diablos zone.
0:11 of 3rd period - Icing by Viktor Loov.
0:12 of 3rd period - Corey Tropp wins face-off versus Lars Eller in Diablos zone.
0:27 of 3rd period - Wrist shot by Lars Eller.
0:27 of 3rd period - Shot Hit the Post.
0:29 of 3rd period - Snap shot by David Pastrnak.
0:29 of 3rd period - Shot Hit the Post.
0:31 of 3rd period - Slapshot by Viktor Loov.
0:31 of 3rd period - Deflect By Lars Eller.
0:31 of 3rd period - Shot Blocked by Oscar Sundqvist.
0:31 of 3rd period - Puck is out of play.
0:32 of 3rd period - Peter Holland wins face-off versus Oscar Sundqvist in Atomiques zone.
0:37 of 3rd period - Penalty to Dustin Kohn is over, Dustin Kohn is back on ice.
0:53 of 3rd period - Backhand shot by Dustin Kohn.
0:53 of 3rd period - Stopped by Kristers Gudlevskis with a rebound.
0:55 of 3rd period - Wrist shot by Matt Tennyson.
0:55 of 3rd period - Stopped by Kristers Gudlevskis with a rebound.
1:05 of 3rd period - Wrist shot by Oscar Sundqvist.
1:05 of 3rd period - Shot Misses the Net.
1:07 of 3rd period - Snap shot by Travis Sanheim.
1:07 of 3rd period - Stopped by Kristers Gudlevskis without a rebound.
1:08 of 3rd period - Lars Eller wins face-off versus Michael Chaput in Diablos zone.
1:10 of 3rd period - Minor Penalty to Lars Eller for High sticking.
1:11 of 3rd period - Corey Tropp wins face-off versus Corey Trivino in Diablos zone.
1:23 of 3rd period - Snap shot by Jonathan Huberdeau.
1:23 of 3rd period - Shot Misses the Net.
3:10 of 3rd period - Penalty to Lars Eller is over, Lars Eller is back on ice.
3:19 of 3rd period - Wrist shot by David Pastrnak.
3:19 of 3rd period - Shot Misses the Net.
3:21 of 3rd period - Snap shot by Alex Petrovic.
3:21 of 3rd period - Shot Blocked by Dalton Smith.
4:11 of 3rd period - Eric Mestery is hit by Scott Glennie and loses puck.
4:21 of 3rd period - Icing by Corey Trivino.
4:22 of 3rd period - Anthony Nigro wins face-off versus Corey Trivino in Diablos zone.
4:48 of 3rd period - Snap shot by Corey Trivino.
4:48 of 3rd period - Stopped by Connor Hellebyuk without a rebound.
4:49 of 3rd period - Nick Schmaltz wins face-off versus Lars Eller in Atomiques zone.
5:00 of 3rd period - Backhand shot by Matt Tennyson.
5:00 of 3rd period - Stopped by Kristers Gudlevskis without a rebound.
5:01 of 3rd period - Oscar Sundqvist wins face-off versus David Pastrnak in Diablos zone.
5:05 of 3rd period - Minor Penalty to Lars Eller for Hooking.
5:06 of 3rd period - Corey Trivino wins face-off versus Oscar Sundqvist in Diablos zone.
5:18 of 3rd period - Snap shot by Oscar Sundqvist.
5:18 of 3rd period - Shot Misses the Net.
5:22 of 3rd period - Snap shot by Jonathan Huberdeau.
5:22 of 3rd period - Shot Misses the Net.
5:37 of 3rd period - Off-side.
5:38 of 3rd period - Peter Holland wins face-off versus Michael Chaput in neutral zone.
5:41 of 3rd period - Wiley Sherman is hit by Philip Larsen and loses puck.
5:50 of 3rd period - Slapshot by Michael Chaput.
5:50 of 3rd period - Shot Blocked by Alex Petrovic.
5:52 of 3rd period - Wrist shot by Michael Chaput.
5:52 of 3rd period - Shot Misses the Net.
5:54 of 3rd period - Snap shot by Bobby Farnham.
5:54 of 3rd period - Shot Misses the Net.
6:04 of 3rd period - Philip Larsen is hit by Corey Tropp and loses puck.
7:05 of 3rd period - Penalty to Lars Eller is over, Lars Eller is back on ice.
7:25 of 3rd period - Wiley Sherman is hit by Lars Eller and loses puck.
7:38 of 3rd period - Jiri Sekac is hit by Joseph Cramarossa and loses puck.
7:59 of 3rd period - Snap shot by Peter Holland.
7:59 of 3rd period - Deflect By Travis Sanheim.
7:59 of 3rd period - Shot Blocked by Kerby Rychel.
7:59 of 3rd period - Puck is out of play.
8:00 of 3rd period - Michael Chaput wins face-off versus Peter Holland in Atomiques zone.
8:45 of 3rd period - Wrist shot by Anthony Nigro.
8:45 of 3rd period - Stopped by Kristers Gudlevskis with a rebound.
9:28 of 3rd period - Slapshot by David Pastrnak.
9:28 of 3rd period - Shot Misses the Net.
10:03 of 3rd period - Slapshot by Brian Dumoulin.
10:03 of 3rd period - Deflect By Jiri Sekac.
10:03 of 3rd period - Shot Blocked by Eric Mestery.
10:03 of 3rd period - Puck is out of play.
10:04 of 3rd period - Adrian Kempe wins face-off versus Oscar Sundqvist in Atomiques zone.
10:07 of 3rd period - Slapshot by Adrian Kempe.
10:07 of 3rd period - Shot Misses the Net.
10:09 of 3rd period - Slapshot by Adrian Kempe.
10:09 of 3rd period - Shot Blocked by Eric Mestery.
10:11 of 3rd period - Slapshot by Alex Petrovic.
10:11 of 3rd period - Shot Misses the Net.
10:13 of 3rd period - Snap shot by Jack Glover.
10:13 of 3rd period - Stopped by Connor Hellebyuk with a rebound.
10:33 of 3rd period - Slapshot by Peter Holland.
10:33 of 3rd period - Goal by Peter Holland - Diablos : 2 - Atomiques : 3.
10:34 of 3rd period - Oscar Sundqvist wins face-off versus Lars Eller in neutral zone.
10:59 of 3rd period - Matt Tennyson is hit by Peter Holland and loses puck.
11:21 of 3rd period - Off-side.
11:22 of 3rd period - Anthony Nigro wins face-off versus Adrian Kempe in neutral zone.
11:36 of 3rd period - Jiri Sekac is hit by William Nylander and loses puck.
12:10 of 3rd period - Slapshot by Matt Tennyson.
12:10 of 3rd period - Shot Misses the Net.
12:12 of 3rd period - Slapshot by Dustin Kohn.
12:12 of 3rd period - Deflect By Michael Chaput.
12:12 of 3rd period - Shot Misses the Net.
12:12 of 3rd period - Puck is out of play.
12:13 of 3rd period - Michael Chaput wins face-off versus Lars Eller in Diablos zone.
12:32 of 3rd period - Backhand shot by Michael Chaput.
12:32 of 3rd period - Stopped by Kristers Gudlevskis without a rebound.
12:33 of 3rd period - Jonathan Huberdeau wins face-off versus Peter Holland in Diablos zone.
12:40 of 3rd period - Wrist shot by Oscar Sundqvist.
12:40 of 3rd period - Stopped by Kristers Gudlevskis with a rebound.
12:42 of 3rd period - Slapshot by Eric Mestery.
12:42 of 3rd period - Stopped by Kristers Gudlevskis without a rebound.
12:43 of 3rd period - Peter Holland wins face-off versus Oscar Sundqvist in Diablos zone.
13:06 of 3rd period - Slapshot by Jonathan Huberdeau.
13:06 of 3rd period - Shot Hit the Post.
13:08 of 3rd period - Snap shot by Oscar Sundqvist.
13:08 of 3rd period - Stopped by Kristers Gudlevskis with a rebound.
13:10 of 3rd period - Slapshot by Travis Sanheim.
13:10 of 3rd period - Shot Blocked by Viktor Loov.
13:12 of 3rd period - Slapshot by Travis Sanheim.
13:12 of 3rd period - Deflect By Jonathan Huberdeau.
13:12 of 3rd period - Shot Blocked by Danton Heinen.
13:12 of 3rd period - Puck is out of play.
13:13 of 3rd period - Michael Chaput wins face-off versus Lars Eller in Diablos zone.
13:14 of 3rd period - Slapshot by Dustin Kohn.
13:14 of 3rd period - Deflect By Nick Spaling.
13:14 of 3rd period - Stopped by Kristers Gudlevskis without a rebound.
13:15 of 3rd period - Michael Chaput wins face-off versus Lars Eller in Diablos zone.
13:30 of 3rd period - Dustin Kohn is hit by Philip Larsen and loses puck.
13:49 of 3rd period - Slapshot by Brian Dumoulin.
13:49 of 3rd period - Shot Blocked by Corey Tropp.
13:51 of 3rd period - Snap shot by Peter Holland.
13:51 of 3rd period - Stopped by Connor Hellebyuk with a rebound.
15:14 of 3rd period - Wrist shot by Jordan Szwarz.
15:14 of 3rd period - Shot Blocked by Jonathan Huberdeau.
15:45 of 3rd period - Slapshot by Dustin Kohn.
15:45 of 3rd period - Stopped by Kristers Gudlevskis with a rebound.
16:02 of 3rd period - Slapshot by Brian Dumoulin.
16:02 of 3rd period - Shot Blocked by Matt Tennyson.
16:10 of 3rd period - Slapshot by Brian Dumoulin.
16:10 of 3rd period - Shot Blocked by Dustin Kohn.
16:12 of 3rd period - Snap shot by Scott Glennie.
16:12 of 3rd period - Stopped by Connor Hellebyuk with a rebound.
16:14 of 3rd period - Snap shot by Brian Dumoulin.
16:14 of 3rd period - Deflect By Corey Trivino.
16:14 of 3rd period - Stopped by Connor Hellebyuk with a rebound.
16:16 of 3rd period - Wrist shot by Jakub Vrana.
16:16 of 3rd period - Stopped by Connor Hellebyuk without a rebound.
16:17 of 3rd period - Lars Eller wins face-off versus Oscar Sundqvist in Atomiques zone.
16:32 of 3rd period - Backhand shot by David Pastrnak.
16:32 of 3rd period - Deflect By Jonathan Huberdeau.
16:32 of 3rd period - Stopped by Connor Hellebyuk with a rebound.
16:42 of 3rd period - Jiri Sekac is hit by Kerby Rychel and loses puck.
17:39 of 3rd period - Wiley Sherman is hit by Nick Spaling and loses puck.
17:48 of 3rd period - Snap shot by Lars Eller.
17:48 of 3rd period - Stopped by Connor Hellebyuk without a rebound.
17:49 of 3rd period - Adrian Kempe wins face-off versus Anthony Nigro in Atomiques zone.
17:50 of 3rd period - Slapshot by Jiri Sekac.
17:50 of 3rd period - Shot Blocked by Dustin Kohn.
18:05 of 3rd period - Off-side.
18:06 of 3rd period - Oscar Sundqvist wins face-off versus Lars Eller in neutral zone.
18:38 of 3rd period - Slapshot by Wiley Sherman.
18:38 of 3rd period - Deflect By William Nylander.
18:38 of 3rd period - Stopped by Kristers Gudlevskis with a rebound.
18:57 of 3rd period - Snap shot by Kerby Rychel.
18:57 of 3rd period - Shot Blocked by Brian Dumoulin.
18:59 of 3rd period - Wrist shot by Bobby Farnham.
18:59 of 3rd period - Shot Blocked by Nick Spaling.
19:11 of 3rd period - Wrist shot by Corey Tropp.
19:11 of 3rd period - Deflect By Kerby Rychel.
19:11 of 3rd period - Stopped by Kristers Gudlevskis without a rebound.
19:12 of 3rd period - Gerard Gallant call a timeout for Diablos .
19:12 of 3rd period - Lars Eller wins face-off versus Kerby Rychel in Diablos zone.
19:19 of 3rd period - Diablos , Kristers Gudlevskis is pulled from the net.
19:45 of 3rd period - Wrist shot by Brian Dumoulin.
19:45 of 3rd period - Shot Blocked by Oscar Sundqvist.
19:47 of 3rd period - Backhand shot by Nick Spaling.
19:47 of 3rd period - Shot Misses the Net.
19:49 of 3rd period - Snap shot by Brian Dumoulin.
19:49 of 3rd period - Stopped by Connor Hellebyuk with a rebound.
19:51 of 3rd period - Slapshot by Philip Larsen.
19:51 of 3rd period - Deflect By Nick Spaling.
19:51 of 3rd period - Shot Misses the Net.
19:51 of 3rd period - Puck is out of play.
19:52 of 3rd period - Oscar Sundqvist wins face-off versus Lars Eller in Atomiques zone.
Goals for this period are 1 for Diablos vs 0 for Atomiques.
Shots for this period are 10 for Diablos vs 14 for Atomiques.